 Dungeon Crawl Stone Soup version 0.27.1-1-g398f81649c (webtiles) character file.

Game seed: 13397914868762243751

116 safid the Covered (level 5, -4/46 HPs)
             Began as a Hill Orc Fighter on Sept 7, 2021.
             Succumbed to a kobold brigand's curare-tipped dart
             ... on level 3 of the Dungeon.
             The game lasted 00:04:42 (2996 turns).

safid the Covered (Hill Orc Fighter)                Turns: 2996, Time: 00:04:42

Health: -4/46      AC:  7    Str: 20    XL:     5   Next: 1%
Magic:  5/5        EV:  5    Int:  8    God:
Gold:   121        SH: 14    Dex: 10    Spells: 4/4 levels left

rFire    . . .     SeeInvis .   a - +0 war axe
rCold    . . .     Faith    .   e - +0 tower shield
rNeg     . . .     Spirit   .   b - +0 scale mail
rPois    .         Reflect  .   (no helmet)
rElec    .         Harm     .   (no cloak)
rCorr    .         Rampage  .   (no gloves)
Will     .....                  (no boots)
Stlth    ..........             (no amulet)
HPRegen  0.15/turn              (no ring)
MPRegen  0.09/turn              (no ring)

@: lethally poisoned (-4 -> -33), attractive, slowed, very slow
A: no striking features
a: no special abilities


You were on level 3 of the Dungeon.
You visited 1 branch of the dungeon, and saw 3 of its levels.

You collected 121 gold pieces.

Inventory:

Hand Weapons
 a - a +0 war axe (weapon)
Armour
 b - a +0 scale mail (worn)
 e - a +0 tower shield (worn)
Jewellery
 n - a ring of magical power
Scrolls
 c - a scroll of teleportation {unknown}
 f - a scroll of blinking {unknown}
 h - a scroll of summoning {unknown}
 i - a scroll of enchant weapon {unknown}
 j - a scroll of identify {unknown}
Potions
 d - a potion of might
 g - a potion of berserk rage {unknown}
 k - a potion of degeneration {unknown}
 l - a potion of attraction
 m - a potion of haste {unknown}


   Skills:
 + Level 4.2 Fighting
 + Level 4.3 Axes
 * Level 4.4 Armour
 + Level 3.9 Shields


You had 4 spell levels left.
You didn't know any spells.
Your spell library contained the following spells:

 Spells                   Type           Power      Damage    Failure   Level
 Conjure Flame            Conj/Fire      0%         6-21      100%        3
 Ignite Poison            Fire/Tmut/Pois 0%         N/A       100%        3
 Sticky Flame             Conj/Fire      0%         2d3       100%        4
 Chain Lightning          Conj/Air       0%         N/A       100%        9
 Fire Storm               Conj/Fire      0%         5d1       100%        9


Dungeon Overview and Level Annotations

Branches:
Dungeon (3/15)

Altars:
Uskayaw


Message History

A kobold comes into view. It is wielding a +0 mace.
The kobold shouts!
You barely miss the kobold. You block the kobold's attack.
The kobold hits you with a +0 mace.
You slash the kobold!
You kill the kobold!
No target in view!
n - a ring of magical power You now have 121 gold pieces (gained 8).
Things that are here:
a +0 mace; a kobold corpse A kobold brigand comes into view.
It is wielding a +0 club and quivering curare-tipped darts.
The kobold brigand shouts!
A kobold comes into view. It is wielding a +0 club.
The kobold brigand throws a curare-tipped dart.
The curare-tipped dart hits you.
You are poisoned.
You have difficulty breathing.
You feel yourself slow down.
You feel very sick.
A kobold brigand is nearby!
Unknown command.
You feel very sick.
The kobold brigand throws a curare-tipped dart.
You block the curare-tipped dart.
You feel very sick.
The kobold brigand throws a curare-tipped dart.
The curare-tipped dart hits you.
You are more poisoned.
You have difficulty breathing.
You feel as though you will be slow longer.
You feel very sick.
The kobold brigand throws a curare-tipped dart.
The curare-tipped dart hits you.
You are lethally poisoned!
You have difficulty breathing.
* * * LOW HITPOINT WARNING * * *
You feel as though you will be slow longer.
It was a potion of attraction.
You feel attractive to monsters.
You die...

# + # # ### ####### #.'
###.....####.# K #
######.).....)....#
K...###.@.....#####))...#
#.K........###≈≈≈######.
###...######≈≈≈≈≈≈≈ .
#### ≈≈≈≈≈≈≈≈# )
####≈≈≈### #. ##### #. ..
... ...


You could see a kobold brigand.

Vanquished Creatures
  A gnoll (D:1)
  2 adders (D:2)
  A dart slug (D:2)
  7 bats
  5 endoplasms
  3 giant cockroaches
  9 hobgoblins
  7 quokkas
  6 ball pythons
  5 frilled lizards (D:2)
  10 goblins
  13 kobolds
  7 rats
76 creatures vanquished.

Notes
Turn   | Place    | Note
-------+----------+-------------------------------------------
     0 | D:1      | safid the Hill Orc Fighter began the quest for the Orb.
     0 | D:1      | Reached XP level 1. HP: 19/19 MP: 1/1
   297 | D:1      | Reached XP level 2. HP: 16/27 MP: 2/2
   605 | D:1      | Reached XP level 3. HP: 14/33 MP: 3/3
   887 | D:1      | Found a faded altar of an unknown god.
  1519 | D:2      | Reached XP level 4. HP: 28/40 MP: 4/4
  2884 | D:3      | Found a hide-covered altar of Uskayaw.
  2923 | D:3      | Reached XP level 5. HP: 40/46 MP: 5/5
  2991 | D:3      | Noticed a kobold brigand
  2996 | D:3      | Succumbed to a kobold brigand's curare-tipped dart

Illustrated notes

Levels and vault maps discovered:
D:1:      dpeg_arrival_stonehenge_8_columns, layout_basic,
          hellmonk_ecumenical_altar_pennies_from_heaven, minmay_vboxes
D:2:      minmay_diamond_boxcup, layout_loops_ring, minmay_door_square,
          minmay_goblin_kobold_house
D:3:      cheibrodos_thug_alley, layout_basic, mainiacjoe_overflow_24_doors,
          due_unseen_surprise

Skill      XL: |  1  2  3  4 |
---------------+-------------+-----
Axes           | 3 4 |  4.3
Fighting       | 4 |  4.2
Armour         | 4 |  4.4
Shields        | |  3.9

Action                   |  1- 3 |  4- 6 || total
-------------------------+-------+-------++-------
Melee: War axe           |    85 |   106 ||   191
  Use: Potion            |       |     1 ||     1
Armor: Scale mail        |    34 |    46 ||    80
Dodge: Dodged            |    22 |    18 ||    40
Block: Kite shield       |    28 |       ||    28
       Tower shield      |    17 |    76 ||    93
